 Dungeon Crawl Stone Soup version 0.26.0-3-g156281e41b (webtiles) character file.

Game seed: 14915921717200267538

15602 lessens the Brawler (level 12, 0/96 HPs)
             Began as a Ghoul Delver on Jan 9, 2021.
             Was the Champion of Okawaru.
             Slain by a freezing wraith (4 damage)
             ... in an ice cave.
             The game lasted 00:22:17 (13043 turns).

lessens the Brawler (Ghoul Delver)                 Turns: 13043, Time: 00:22:18

Health: 0/96       AC: 18    Str: 21    XL:     12   Next: 28%
Magic:  23/23      EV: 13    Int: 18    God:    Okawaru [******]
Gold:   219        SH:  0    Dex: 13    Spells: 11/11 levels left

rFire    . . .     SeeInvis +     - Unarmed
rCold    + . .     Faith    .   (no shield)
rNeg     + + +     Spirit   .   G - +0 chain mail "Ivedwehu" {MP+9 Int+4 Dex+3 SInv}
rPois    ∞         Reflect  .   L - +1 helmet {Int+3}
rElec    .         Harm     .   C - +1 cloak
rCorr    .         Rampage  .   (no gloves)
Will     .....                  o - +0 pair of boots
Stlth    +.........             m - amulet of regeneration
HPRegen  0.00/turn              v - +6 ring of intelligence
MPRegen  0.18/turn              (no ring)

@: mighty, heroism, slowed, studying Armour, very slow
A: claws 1, cold resistance 1, negative energy resistance 3, inhibited
regeneration, torment resistance, unbreathing
a: Renounce Religion, Heroism, Finesse


You were in an ice cave.
You worshipped Okawaru.
Okawaru was exalted by your worship.
You visited 2 branches of the dungeon, and saw 14 of its levels.
You also visited: Ice Cave.

You collected 503 gold pieces.
You spent 284 gold pieces at shops.

Inventory:

Missiles
 d - 429 stones
 x - 73 poisoned darts (quivered)
 y - a throwing net
 z - 31 boomerangs
 I - 5 silver javelins
 K - 5 javelins
Armour
 a - a +0 leather armour
 n - the +1 scale mail of Iwoseomn {rPois Will++ Str-2}
   (You found it on level 13 of the Dungeon)

   It affects your strength (-2).
   It protects you from poison.
   It affects your willpower, your defense against some magical effects.
 o - a +0 pair of boots (worn)
 p - a +0 leather armour of fire resistance
 C - a +1 cloak (worn)
 F - the +0 leather armour of the Cuttlefish {Dex+4}
   (You found it on level 6 of the Dungeon)

   It affects your dexterity (+4).
 G - the +0 chain mail "Ivedwehu" (worn) {MP+9 Int+4 Dex+3 SInv}
   (You found it on level 7 of the Dungeon)

   It affects your intelligence (+4).
   It affects your dexterity (+3).
   It affects your magic capacity (+9).
   It lets you see invisible.
 L - a +1 helmet of intelligence (worn)
 O - a +0 scale mail
 U - +1 steam dragon scales
Jewellery
 m - an amulet of regeneration (around neck)
 t - an uncursed amulet of reflection
 v - a +6 ring of intelligence (left claw)
 M - an uncursed ring of magical power
Wands
 f - a wand of digging (2)
 i - a wand of random effects (8)
 k - a wand of flame (28)
 P - a wand of acid (11)
Scrolls
 b - a scroll of fog
 c - 3 scrolls of magic mapping
 e - 3 scrolls of amnesia {unknown}
 g - 2 scrolls of summoning {unknown}
 h - 6 scrolls of enchant armour
 j - 2 scrolls of remove curse
 l - a scroll of enchant weapon
 J - 3 scrolls of teleportation {unknown}
 S - 3 scrolls of identify
Potions
 q - 7 potions of curing
 s - a potion of flight
 w - 3 potions of invisibility
 A - 3 potions of might
 D - a potion of brilliance
 H - a potion of lignification {unknown}
Books
 E - a manual of Armour
Miscellaneous
 Q - a tin of tremorstones (2/2)


   Skills:
 - Level 6.1(11.1) Fighting
 + Level 5.4(10.4) Armour
 - Level 4.3(9.3) Dodging
 - Level 5.4(10.4) Stealth
 * Level 17.4(22.4) Unarmed Combat
 + Level 5.0 Invocations


You had 11 spell levels left.
You didn't know any spells.
Your spell library contained the following spells:

 Spells                   Type           Power        Failure   Level
 Animate Skeleton         Necr           0%           80%         1
 Apportation              Tloc           0%           80%         1
 Corona                   Hex            0%           80%         1
 Summon Small Mammal      Summ           0%           80%         1
 Slow                     Hex            0%           91%         2
 Inner Flame              Hex/Fire       0%           99%         3
 Portal Projectile        Hex/Tloc       0%           99%         3
 Cause Fear               Hex            0%           100%        4
 Leda's Liquefaction      Hex/Erth       0%           100%        4
 Beastly Appendage        Tmut           Unusable     N/A         1
 Wereblood                Tmut           Unusable     N/A         2
 Spider Form              Tmut/Pois      Unusable     N/A         3
 Ice Form                 Ice/Tmut       Unusable     N/A         4
 Blade Hands              Tmut           Unusable     N/A         5

Dungeon Overview and Level Annotations

Branches:
Dungeon (13/15)            Temple (1/1) D:6            Lair (0/6) D:8
    Orc (0/2) D:9           IceCv (1/1)
 Vaults: D:13-14

Altars:
Ashenzari
Cheibriados
Dithmenos
Elyvilon
Fedhas
Gozag
Kikubaaqudgha
Nemelex Xobeh
Okawaru
Ru
Sif Muna
Wu Jian
Xom
Yredelemnul
The Shining One
Beogh

Shops:
D:9 [[   D:10 !


Innate Abilities, Weirdness & Mutations

You thrive by killing the living.
You are immune to poison.
You have sharp fingernails.
Your flesh is cold resistant. (rC+)
You are immune to negative energy. (rN+++)
You do not regenerate when monsters are visible.
You are immune to unholy pain and torment.
You can survive without breathing.


Message History

Okay, then.
Press: ? - help, v - describe, . - travel The floor.
As you read the scroll of fear, it crumbles to dust.
You assume a fearsome visage.
The freezing wraith is unaffected.
The freezing wraith hits you but does no damage.
The freezing wraith completely misses you.
The freezing wraith barely misses you. x2
Okay, then.
Evoke which item? (* to show all) (? for menu, Esc to quit)
Okay, then.
You claw the freezing wraith!
The freezing wraith is almost destroyed.
The freezing wraith closely misses you.
The freezing wraith hits you but does no damage.
You closely miss the freezing wraith.
The freezing wraith is almost destroyed.
The freezing wraith hits you but does no damage.
The freezing wraith hits you.
You die...

######
##....###
#.......###
##..###...##
##..###...##
##..###...##
#...###...###
# ##..#
##....## ###
###...#
##.@..#
..###....##
###W.#
........##
#...#
.....####
#...## ....##
...### ...##
..## #.##
...# ### .##
#


You could see a freezing wraith.

Vanquished Creatures
  A boulder beetle (D:12)
  2 two-headed ogres (D:12)
  Pikel (D:8)
  An ugly thing (D:12)
  2 cyclopes
  Maurice (D:12)
  A gargoyle (D:11)
  3 freezing wraiths (IceCv)
  2 trolls (D:10)
  A wraith (D:11)
  4 yaks
  2 death yak simulacra (IceCv)
  Menkaure (D:5)
  A soldier ant (D:9)
  A water moccasin (D:9)
  A black bear (D:8)
  4 sky beasts
  14 ice beasts
  A phantom (D:7)
  A hornet zombie (D:9)
  8 orc warriors
  8 ogres
  3 necrophages
  2 lemures (D:8)
  9 centaurs
  2 big kobolds
  11 bullfrogs
  A gnoll sergeant (D:7)
  A water moccasin zombie (D:11)
  5 scorpions
  20 killer bees
  An elephant simulacrum (IceCv)
  4 wights (D:8)
  5 electric eels (D:12)
  4 howler monkeys
  6 jellies
  3 bullfrog zombies
  A centaur zombie (D:10)
  4 hounds
  12 orc priests
  10 orc wizards
  5 bullfrog skeletons
  2 iguanas
  8 worker ants
  A polar bear simulacrum (IceCv)
  A hound zombie (D:6)
  7 gnolls
  2 worker ant zombies
  9 adders
  6 shadow imps
  9 white imps
  2 ufetubi (D:5)
  3 oozes
  An adder skeleton (D:5)
  2 adder zombies
  A worm (D:5)
  3 dart slugs
  4 leopard geckos
  92 orcs
  A ball python (D:3)
  6 bats
  7 giant cockroaches
  13 goblins
  7 hobgoblins
  6 jackals (D:5)
  6 quokkas
  2 frilled lizards
  12 kobolds
  10 rats
393 creatures vanquished.

Vanquished Creatures (others)
  12 fungi (D:8)
  14 plants (D:8)
26 creatures vanquished.

Grand Total: 419 creatures vanquished

Notes
Turn   | Place    | Note
-------+----------+-------------------------------------------
     0 | D:5      | lessens the Ghoul Delver began the quest for the Orb.
     0 | D:5      | Reached XP level 1. HP: 19/19 MP: 0/0
    23 | D:5      | Found an opulent altar of Gozag.
    24 | D:5      | Found Gozag's Platinum Reserve.
   173 | D:5      | Noticed a hound
   201 | D:5      | Killed a hound
   202 | D:5      | Reached skill level 4 in Unarmed Combat
   202 | D:5      | Reached XP level 2. HP: 9/26 MP: 1/1
   202 | D:5      | Reached XP level 3. HP: 11/31 MP: 2/2
   556 | D:5      | Found a shimmering altar of Xom.
   556 | D:5      | Found a shadowy altar of Dithmenos.
   561 | D:5      | Noticed a scorpion
   587 | D:5      | Killed a scorpion
   588 | D:5      | Reached skill level 5 in Unarmed Combat
   588 | D:5      | Reached XP level 4. HP: 10/38 MP: 3/3
   982 | D:5      | Found a shimmering blue altar of Sif Muna.
  1138 | D:4      | Reached XP level 5. HP: 32/45 MP: 4/4
  1240 | D:4      | Noticed an ogre
  2081 | D:1      | You fall into a shaft and drop 1 floor!
  2086 | D:2      | Reached skill level 6 in Unarmed Combat
  3566 | D:3      | Reached XP level 6. HP: 51/51 MP: 5/5
  3704 | D:4      | Reached skill level 7 in Unarmed Combat
  4526 | D:5      | Noticed Menkaure
  4535 | D:5      | Killed Menkaure
  4536 | D:5      | Reached skill level 8 in Unarmed Combat
  4536 | D:5      | Reached XP level 7. HP: 57/57 MP: 6/6
  4690 | D:5      | Noticed a troll
  5180 | D:6      | Reached skill level 9 in Unarmed Combat
  5336 | D:6      | Found a staircase to the Ecumenical Temple.
  5345 | Temple   | Entered the Ecumenical Temple
  5355 | Temple   | Became a worshipper of Warmaster Okawaru
  5695 | D:6      | Reached XP level 8. HP: 45/63 MP: 7/7
  5716 | D:6      | Reached skill level 10 in Unarmed Combat
  6020 | D:6      | Got a smouldering leather armour
  6031 | D:6      | Identified the cursed +0 leather armour of the Cuttlefish
                  | {Dex+4} (You found it on level 6 of the Dungeon)
  6530 | D:7      | Found a blossoming altar of Fedhas.
  6555 | D:7      | Reached skill level 11 in Unarmed Combat
  6571 | D:7      | Reached * piety under Okawaru
  6584 | D:7      | Got a smoking chain mail
  6617 | D:6      | Identified the +0 chain mail "Ivedwehu" {MP+9 Int+4 Dex+3
                  | SInv} (You found it on level 7 of the Dungeon)
  7053 | D:7      | Reached skill level 12 in Unarmed Combat
  7053 | D:7      | Reached XP level 9. HP: 70/70 MP: 8/8
  7108 | D:7      | Found a basalt altar of Yredelemnul.
  7113 | D:7      | Found a glowing golden altar of the Shining One.
  7152 | D:7      | Found a sparkling altar of Nemelex Xobeh.
  7155 | D:7      | Found a broken altar of Ashenzari.
  7217 | D:7      | Reached skill level 1 in Armour
  7589 | D:8      | Reached ** piety under Okawaru
  7858 | D:7      | Reached skill level 1 in Invocations
  8061 | D:8      | Found a staircase to the Lair.
  8118 | D:8      | Noticed Pikel
  8141 | D:8      | Killed Pikel
  8141 | D:8      | Reached *** piety under Okawaru
  8142 | D:8      | Reached skill level 13 in Unarmed Combat
  8157 | D:8      | Found a white marble altar of Elyvilon.
  8338 | D:8      | Reached XP level 10. HP: 69/77 MP: 11/11
  8485 | D:9      | Received a gift from Okawaru
  8578 | D:9      | Found Cutor's Armour Boutique.
  8611 | D:9      | Bought a +1 helmet of intelligence for 214 gold pieces
  8630 | D:9      | Reached skill level 14 in Unarmed Combat
  8815 | D:9      | Found Ticaejus's Antique Armour Shoppe.
  8885 | D:9      | Reached **** piety under Okawaru
  9005 | D:9      | Found a staircase to the Orcish Mines.
  9375 | D:10     | Entered Level 10 of the Dungeon
  9598 | D:10     | Found a roughly hewn altar of Beogh.
  9792 | D:10     | Reached skill level 15 in Unarmed Combat
 10088 | D:10     | Found Xacaluso's Distillery.
 10091 | D:10     | Bought a potion of heal wounds for 70 gold pieces
 10176 | D:10     | Reached ***** piety under Okawaru
 10376 | D:11     | Reached XP level 11. HP: 84/85 MP: 12/12
 10415 | D:11     | Reached skill level 5 in Fighting
 11014 | D:11     | Noticed a cyclops
 11036 | D:11     | Killed a cyclops
 11037 | D:11     | Reached skill level 16 in Unarmed Combat
 11380 | D:12     | Noticed a two-headed ogre
 11393 | D:12     | Killed a two-headed ogre
 11467 | D:12     | Noticed Maurice
 11468 | D:12     | Noticed a white ugly thing
 11476 | D:12     | Killed a white ugly thing
 11476 | D:12     | Reached ****** piety under Okawaru
 11485 | D:12     | Noticed a boulder beetle
 11501 | D:12     | Killed a boulder beetle
 11501 | D:12     | Received a gift from Okawaru
 11641 | D:12     | Killed Maurice
 12310 | D:12     | Noticed a two-headed ogre
 12320 | D:12     | Killed a two-headed ogre
 12321 | D:12     | Reached skill level 17 in Unarmed Combat
 12321 | D:12     | Reached XP level 12. HP: 80/96 MP: 13/13
 12724 | D:13     | Got a spiked scale mail
 12735 | D:13     | Identified the +1 scale mail of Iwoseomn {rPois Will++
                  | Str-2} (You found it on level 13 of the Dungeon)
 12745 | D:13     | Identified a scroll of acquirement
 12745 | D:13     | Acquired a manual of Armour
 12767 | D:13     | Found a frozen archway.
 12803 | IceCv    | Entered an ice cave
 12896 | IceCv    | Reached skill level 5 in Armour
 12997 | IceCv    | Reached skill level 5 in Invocations
 13040 | IceCv    | HP: 4/96 [freezing wraith (7)]
 13043 | IceCv    | Slain by a freezing wraith

Illustrated notes

Levels and vault maps discovered:
D:1:      sevenhm_arrival_forest_fort_large_4, layout_basic, minmay_ruptured
D:2:      layout_loops_ring
D:3:      layout_basic
D:4:      layout_cave_pods
D:5:      layout_layer_cave, chequers_temple_overflow_statue_of_worship,
          nicolae_gozag_zags_fifth_avenue, uniq_menkaure
D:6:      layout_gridville, minmay_temple_entry_antechambers
D:7:      layout_loops_ring, fedhas_altar_1, grunt_temple_overflow_cloverleaf,
          serial_aquarium, aquarium_bridge_square [aquarium_subvault_wall,
          aquarium_subvault_bridge, aquarium_subvault_wall,
          aquarium_subvault_balcony], aquarium_window_3, aquarium_window_1,
          aquarium_view_2g, grunt_ministairs_2, minmay_misc_feat_encased
D:8:      layout_rooms, elyvilon_altar_5, grunt_lair_entry_orc_guard_hut,
          uniq_pikel
D:9:      layout_loops_cross, hiddenorc2_lemuel, serial_shops, shop_fountains,
          shop_statue, kennysheep_generic_room_6
D:10:     layout_roguey [special_room_orc], serial_shops, kennysheep_mini_moat,
          chequers_serial_rivers_small_a, grunt_ministairs_9, skrybe_limestone_x
D:11:     layout_loops_ring, st_stairs_8, eino_jars
D:12:     layout_basic, uniq_maurice
D:13:     layout_loops_ring, grunt_vaults_entry_tiered,
          portal_ice_cave_entry_ice_beasts, ebering_ghost_gozag, uniq_urug,
          uniq_snorg
Temple:   nicolae_temple_god_jail
IceCv:    ice_cave_small_necro

Skill      XL: |  1  2  3  4  5  6  7  8  9 10 11 12 |
---------------+-------------------------------------+-----
Unarmed Combat | 4 5 6 8 9 12 13 15 17 | 17.4
Armour         | 2 4 5 |  5.4
Invocations    | 3 5 |  5.0
Dodging        | 2 4 |  4.3
Fighting       | 4 6 |  6.1
Stealth        | |  5.4

Action                   |  1- 3 |  4- 6 |  7- 9 | 10-12 || total
-------------------------+-------+-------+-------+-------++-------
Melee: Unarmed           |    43 |   162 |   280 |   652 ||  1137
       Punch             |       |     1 |    12 |    32 ||    45
Throw: Dart              |       |     5 |    22 |    14 ||    41
Invok: Heroism           |       |       |       |    10 ||    10
Evoke: Wand              |       |     7 |       |     1 ||     8
  Use: Potion            |     2 |       |       |     1 ||     3
       Scroll            |       |     1 |     8 |    11 ||    20
 Stab: Sleeping          |     1 |    16 |     2 |       ||    19
       Distracted        |       |       |     1 |       ||     1
Armor: Leather armour    |     9 |    37 |     8 |       ||    54
       Chain mail        |       |       |    69 |   311 ||   380
Dodge: Dodged            |    23 |    70 |    99 |   253 ||   445
Block: Other             |       |    15 |    26 |       ||    41
       Reflection        |       |     1 |     3 |       ||     4
